 Dungeon Crawl Stone Soup version 0.28-a0-823-gb444dcf96d (webtiles) character file.

Game seed: 14404434403019110902

404 Rennog the Grave Robber (level 6, -2/44 HPs)
             Began as a Gnoll Necromancer on Nov 9, 2021.
             Was a Believer of Fedhas.
             Slain by a two-headed ogre (12 damage)
             ... on level 5 of the Dungeon.
             The game lasted 00:04:34 (4644 turns).

Rennog the Grave Robber (Gnoll Necromancer)         Turns: 4644, Time: 00:04:34

Health: -2/44      AC:  2    Str:  9    XL:     6   Next: 86%
Magic:  5/14       EV: 13    Int: 14    God:    Fedhas [**....]
Gold:   152        SH:  0    Dex: 13    Spells: 11/15 levels left

rFire   . . .      SeeInvis .   e - +2 short sword (elec)
rCold   . . .      Faith    .   (no shield)
rNeg    . . .      Spirit   .   a - +0 robe
rPois   .          Reflect  .   (no helmet)
rElec   .          Harm     .   (no cloak)
rCorr   .          Rampage  .   (no gloves)
Will    .....                   (no boots)
Stlth   +++.......              (no amulet)
HPRegen 0.14/turn               (no ring)
MPRegen 0.14/turn               (no ring)

@: no status effects
A: fangs 1, strong nose, distributed training
a: Renounce Religion, Wall of Briars


You were on level 5 of the Dungeon.
You worshipped Fedhas.
Fedhas was pleased with you.
You visited 1 branch of the dungeon, and saw 5 of its levels.

You collected 152 gold pieces.

Inventory:

Hand Weapons
 e - a +2 short sword of electrocution (weapon)
Missiles
 h - a throwing net
Armour
 a - a +0 robe (worn)
Jewellery
 i - an amulet of guardian spirit
Wands
 o - a wand of flame (15)
Scrolls
 d - 3 scrolls of amnesia {unknown}
 f - a scroll of blinking {unknown}
 g - a scroll of summoning {unknown}
 l - 6 scrolls of identify {unknown}
 m - 2 scrolls of enchant weapon {unknown}
Potions
 b - a potion of degeneration {unknown}
 c - 3 potions of curing
 j - a potion of attraction {unknown}
 k - a potion of haste {unknown}
 n - a potion of lignification {unknown}
 p - a potion of brilliance {unknown}


   Skills:
 + Level 2.1 Fighting
 + Level 2.1 Short Blades
 + Level 2.1 Long Blades
 + Level 2.1 Axes
 + Level 2.1 Maces & Flails
 + Level 2.1 Polearms
 + Level 2.1 Staves
 + Level 2.1 Slings
 + Level 2.1 Bows
 + Level 2.1 Crossbows
 + Level 2.1 Throwing
 + Level 2.1 Armour
 + Level 5.0 Dodging
 + Level 4.7 Stealth
 + Level 2.1 Shields
 + Level 2.1 Unarmed Combat
 + Level 5.4 Spellcasting
 + Level 1.7 Conjurations
 + Level 1.7 Hexes
 + Level 1.7 Summonings
 + Level 7.3 Necromancy
 + Level 1.7 Translocations
 + Level 1.7 Transmutations
 + Level 1.7 Fire Magic
 + Level 1.7 Ice Magic
 + Level 1.7 Air Magic
 + Level 1.7 Earth Magic
 + Level 1.7 Poison Magic
 + Level 2.3 Invocations
 + Level 2.1 Evocations


You had 11 spell levels left.
You knew the following spells:

 Your Spells              Type           Power      Damage    Failure   Level
a - Pain                  Necr           96%        1d8       1%          1
b - Vampiric Draining     Necr           24%        2d7       2%          3

Your spell library contained the following spells:

 Spells                   Type           Power      Damage    Failure   Level
 Animate Skeleton         Necr           48%        N/A       1%          1
 Animate Dead             Necr           12%        N/A       9%          4
 Agony                    Necr           24%        N/A       22%         5
 Stone Arrow              Conj/Erth      16%        3d8       24%         3
 Animate Armour           Summ/Erth      16%        N/A       63%         4
 Lehudib's Crystal Spear  Conj/Erth      4%         10d3      100%        8


Dungeon Overview and Level Annotations

Branches:
Dungeon (5/15)
 Temple: D:4-7

Altars:
Fedhas
Nemelex Xobeh
Yredelemnul
Zin


Innate Abilities, Weirdness & Mutations

You have very sharp teeth.
Your uncanny sense of smell can sniff out nearby items.
Your experience applies equally to all skills.


Message History

You are too injured to fight recklessly!
You are too injured to fight recklessly!
You are too injured to fight recklessly!
You are too injured to fight recklessly!
You are too injured to fight recklessly!
You are too injured to fight recklessly!
You are too injured to fight recklessly!
You are too injured to fight recklessly!
You are too injured to fight recklessly!
You are too injured to fight recklessly!
You are too injured to fight recklessly!
You are too injured to fight recklessly!
A two-headed ogre is nearby!
Casting: Vampiric Draining (dangerous; 2% risk of failure)
Confirm with . or Enter, or press ? or * to list all spells.
Aiming: Vampiric Draining (dangerous; 2% risk of failure)
Press: ? - help, Shift-Dir - straight line, f - two-headed ogre
Aim: a two-headed ogre, wielding a +0 dire flail and a +0 giant club (lightly wounded)
You draw life force from the two-headed ogre.
You feel life coursing into your body.
The two-headed ogre barely misses you. x2
Casting: Vampiric Draining (dangerous; 2% risk of failure)
Confirm with . or Enter, or press ? or * to list all spells.
Aiming: Vampiric Draining (dangerous; 2% risk of failure)
Press: ? - help, Shift-Dir - straight line, f/p - two-headed ogre
Aim: a two-headed ogre, wielding a +0 dire flail and a +0 giant club (moderately wounded)
You draw life force from the two-headed ogre.
You feel life coursing into your body.
Unknown command.
Casting: Vampiric Draining (dangerous; 2% risk of failure)
Confirm with . or Enter, or press ? or * to list all spells.
Aiming: Vampiric Draining (dangerous; 2% risk of failure)
Press: ? - help, Shift-Dir - straight line, f/p - two-headed ogre
Aim: a two-headed ogre, wielding a +0 dire flail and a +0 giant club (moderately wounded)
You draw life force from the two-headed ogre.
You feel life coursing into your body.
The two-headed ogre hits you with a +0 dire flail!
* * * LOW HITPOINT WARNING * * *
The two-headed ogre hits you with a +0 giant club!
You die...
Fedhas appreciates your contribution to the ecosystem.

#######
###############.....#
..............'...>.#
###.###########.@...#
#.# #.O....# #.#
#......# #.# #......#
###.# #......# <##.#
#.(....# ###.#
#....... #.#
####.....


You could see a two-headed ogre.

Vanquished Creatures
  A scorpion (D:5)
  A gnoll shaman (D:3)
  2 centaur skeletons
  Natasha (thrice) (D:3)
  An iguana (D:5)
  Robin (D:4)
  5 gnolls
  3 adders
  A shadow imp (D:5)
  An adder skeleton (D:4)
  2 dart slugs
  2 orcs (D:4)
  9 endoplasms
  A giant cockroach (D:4)
  14 goblins
  3 hobgoblins
  4 quokkas
  5 ball pythons
  A bat (D:1)
  2 frilled lizards
  5 kobolds
  2 rats
69 creatures vanquished.

Vanquished Creatures (others)
  A goblin (D:4)
1 creature vanquished.

Grand Total: 70 creatures vanquished

Notes
Turn   | Place    | Note
-------+----------+-------------------------------------------
     0 | D:1      | Rennog the Gnoll Necromancer began the quest for the Orb.
     0 | D:1      | Reached XP level 1. HP: 13/13 MP: 6/6
   127 | D:1      | Found a faded altar of an unknown god.
   133 | D:1      | Prayed at the altar of an unknown god.
   133 | D:1      | Became a worshipper of Fedhas Madash
   133 | D:1      | Reached * piety under Fedhas
   152 | D:1      | Reached XP level 2. HP: 8/19 MP: 0/7
  1239 | D:2      | Reached skill level 5 in Spellcasting
  1239 | D:2      | Reached XP level 3. HP: 23/25 MP: 7/9
  1665 | D:2      | You fall into a shaft and drop 1 floor!
  1670 | D:3      | Learned a level 3 spell: Vampiric Draining
  1684 | D:3      | Reached skill level 1 in Invocations
  1821 | D:3      | Reached skill level 1 in Fighting
  1821 | D:3      | Reached skill level 1 in Short Blades
  1821 | D:3      | Reached skill level 1 in Long Blades
  1821 | D:3      | Reached skill level 1 in Axes
  1821 | D:3      | Reached skill level 1 in Maces & Flails
  1821 | D:3      | Reached skill level 1 in Polearms
  1821 | D:3      | Reached skill level 1 in Staves
  1821 | D:3      | Reached skill level 1 in Slings
  1821 | D:3      | Reached skill level 1 in Bows
  1821 | D:3      | Reached skill level 1 in Crossbows
  1821 | D:3      | Reached skill level 1 in Throwing
  1821 | D:3      | Reached skill level 1 in Armour
  1821 | D:3      | Reached skill level 1 in Shields
  1821 | D:3      | Reached skill level 1 in Unarmed Combat
  1821 | D:3      | Reached skill level 1 in Evocations
  2001 | D:3      | Reached XP level 4. HP: 27/32 MP: 4/11
  2186 | D:3      | Noticed Natasha
  2190 | D:3      | Killed Natasha
  2190 | D:3      | Reached ** piety under Fedhas
  2351 | D:3      | Noticed Natasha
  2359 | D:3      | Killed Natasha
  2360 | D:3      | Reached skill level 1 in Conjurations
  2360 | D:3      | Reached skill level 1 in Hexes
  2360 | D:3      | Reached skill level 1 in Summonings
  2360 | D:3      | Reached skill level 1 in Translocations
  2360 | D:3      | Reached skill level 1 in Transmutations
  2360 | D:3      | Reached skill level 1 in Fire Magic
  2360 | D:3      | Reached skill level 1 in Ice Magic
  2360 | D:3      | Reached skill level 1 in Air Magic
  2360 | D:3      | Reached skill level 1 in Earth Magic
  2360 | D:3      | Reached skill level 1 in Poison Magic
  2462 | D:3      | Found a sparkling altar of Nemelex Xobeh.
  2487 | D:3      | Reached XP level 5. HP: 37/37 MP: 12/12
  2499 | D:3      | Found a glowing silver altar of Zin.
  2499 | D:3      | Noticed an angel
  2791 | D:3      | Found a basalt altar of Yredelemnul.
  3227 | D:3      | Noticed Natasha
  3242 | D:3      | Killed Natasha
  3859 | D:4      | Reached XP level 6. HP: 34/44 MP: 6/13
  4089 | D:4      | Noticed Robin
  4097 | D:4      | Killed Robin
  4344 | D:5      | Entered Level 5 of the Dungeon
  4392 | D:5      | Reached skill level 5 in Dodging
  4632 | D:5      | Noticed a two-headed ogre
  4644 | D:5      | Slain by a two-headed ogre

Illustrated notes

Levels and vault maps discovered:
D:1:      giann_bridges, layout_basic, basic_ecumenical_altar, item_on_display_b
D:2:      layout_loops_cross
D:3:      layout_loops_cross, mainiacjoe_overflow_alcove_4, lemuel_tele_altar,
          zin_angel, grunt_ministairs_14, uniq_natasha
D:4:      layout_loops_cross, minivault_23, uniq_robin
D:5:      layout_basic, serial_shops, shop, minmay_fractal_squares_gapless_5

Skill      XL: |  1  2  3  4  5  6 |
---------------+-------------------+-----
Spellcasting   | 5 |  5.4
Invocations    | 1 2 |  2.3
Fighting       | 1 2 |  2.1
Short Blades   | 1 2 |  2.1
Long Blades    | 1 2 |  2.1
Axes           | 1 2 |  2.1
Maces & Flails | 1 2 |  2.1
Polearms       | 1 2 |  2.1
Staves         | 1 2 |  2.1
Slings         | 1 2 |  2.1
Bows           | 1 2 |  2.1
Crossbows      | 1 2 |  2.1
Throwing       | 1 2 |  2.1
Armour         | 1 2 |  2.1
Shields        | 1 2 |  2.1
Unarmed Combat | 1 2 |  2.1
Evocations     | 1 2 |  2.1
Conjurations   | 1 |  1.7
Hexes          | 1 |  1.7
Summonings     | 1 |  1.7
Translocations | 1 |  1.7
Transmutations | 1 |  1.7
Fire Magic     | 1 |  1.7
Ice Magic      | 1 |  1.7
Air Magic      | 1 |  1.7
Earth Magic    | 1 |  1.7
Poison Magic   | 1 |  1.7
Dodging        | 5 |  5.0
Stealth        | |  4.7
Necromancy     | |  7.3

Action                   |  1- 3 |  4- 6 || total
-------------------------+-------+-------++-------
Melee: Short sword       |    41 |    90 ||   131
       Bite              |     2 |     4 ||     6
 Cast: Pain              |    25 |    10 ||    35
       Vampiric Draining |     3 |    14 ||    17
 Stab: Sleeping          |     4 |    13 ||    17
       Distracted        |       |     1 ||     1
Armor: Robe              |     7 |     6 ||    13
Dodge: Dodged            |    29 |    85 ||   114

Table legend: (Time is in decaauts)
 A = Elapsed time spent in this place.
 B = Non-inter-level travel time spent in this place.
 C = Inter-level travel time spent in this place.
 D = Time resting spent in this place.
 E = Time spent auto-exploring this place.
 F = Levels seen in this place.
 G = Mean time per level.
                   A        B        C        D        E       F      G
               +--------+--------+--------+--------+--------+-----+--------+
         Total |   4658 |   4489 |    169 |    411 |   3555 |   5 |  931.6 |
       Dungeon |   4658 |   4489 |    169 |    411 |   3555 |   5 |  931.6 |
               +--------+--------+--------+--------+--------+-----+--------+

Top non-repeatable levels by time:
     D:3: 2084 daAuts
     D:1: 1136 daAuts
     D:4: 608 daAuts
     D:2: 529 daAuts
     D:5: 299 daAuts
